 Dungeon Crawl Stone Soup version 0.29.1-12-g30fa7ad0bf (webtiles) character file.

Game seed: 11959787127283756825

100 cowcol the Chopper (level 4, -2/40 HPs)
             Began as a Minotaur Monk on Jan 5, 2023.
             Slain by Grinder (5 damage)
             ... on level 3 of the Dungeon.
             The game lasted 00:06:26 (2156 turns).

cowcol the Chopper (Minotaur Monk)                  Turns: 2156, Time: 00:06:27

Health: -2/40      AC:  8    Str: 17    XL:     4   Next: 46%
Magic:  3/3        EV: 10    Int:  7    God:
Gold:   188        SH:  0    Dex: 13    Spells: 3/3 levels left

rFire   . . .      SeeInvis .   a - +0 hand axe
rCold   . . .      Faith    .   (no shield)
rNeg    . . .      Spirit   .   d - +2 scale mail
rPois   .          Reflect  .   (helmet restricted)
rElec   .          Harm     .   (no cloak)
rCorr   .          Rampage  .   (no gloves)
Will    .....                   (no boots)
Stlth   +.........              (no amulet)
HPRegen 0.13/turn               (no ring)
MPRegen 0.08/turn               (no ring)

@: no status effects
A: horns 2, retaliatory headbutt
a: no special abilities


You were on level 3 of the Dungeon.
You visited 1 branch of the dungeon, and saw 3 of its levels.

You collected 188 gold pieces.

Inventory:

Hand Weapons
 a - a +0 hand axe (weapon)
 g - a +0 rapier
 i - a +0 mace
 k - a +0 trident
 q - a +0 quarterstaff
Missiles
 e - 5 large rocks
 m - 2 poisoned darts (quivered)
Armour
 b - a +0 robe
 d - a +2 scale mail (worn)
 f - a +0 ring mail
Jewellery
 n - a ring of fire
Scrolls
 j - a scroll of amnesia {unknown}
 l - a scroll of poison {unknown}
 o - a scroll of fog {unknown}
 p - 2 scrolls of teleportation
 r - a scroll of summoning
 s - a scroll of enchant weapon
 u - a scroll of immolation {unknown}
Potions
 c - a potion of ambrosia
 h - a potion of curing
 t - 2 potions of invisibility {unknown}
 v - a potion of mutation {unknown}
 w - a potion of heal wounds {unknown}


   Skills:
 + Level 4.1 Fighting
 - Level 1.2(1.6) Short Blades
 * Level 1.5(1.9) Long Blades
 + Level 4.4 Axes
 + Level 1.4 Armour
 + Level 3.7 Dodging
 + Level 1.9 Stealth


You had 3 spell levels left.
You didn't know any spells.
Your spell library contained the following spells:

 Spells                   Type           Power      Damage    Failure   Level
 Magic Dart               Conj           0%         1d3       85%         1
 Searing Ray              Conj           0%         2d4       94%         2
 Ozocubu's Armour         Ice            0%         N/A       99%         3
 Fulminant Prism          Conj/Hex       0%         3d6       100%        4
 Ozocubu's Refrigeration  Ice            0%         4d7       100%        7


Dungeon Overview and Level Annotations

Branches:
Dungeon (3/15)

Altars:

Annotations:
D:3 Grinder


Innate Abilities, Weirdness & Mutations

You have a pair of horns on your head.
You reflexively headbutt those who attack you in melee.


Message History

You throw a poisoned dart. The poisoned dart hits Grinder.
Throw: 3 darts (poison)
Press: ? - help, Q - select action Shift-Dir - straight line, f/p - Grinder
Aim: Grinder (55% to hit)
You throw a poisoned dart.
The poisoned dart closely misses Grinder.
Unknown command.
Unknown command.
You hit Grinder but do no damage. Grinder hits you.
You closely miss Grinder. Grinder hits you!
You writhe in agony.
You hit Grinder but do no damage. You headbutt Grinder.
Grinder is lightly wounded.
Grinder hits you but does no damage.
You hit Grinder. You headbutt Grinder.
Grinder is moderately wounded.
Grinder hits you.
You writhe in agony.
* * * LOW HITPOINT WARNING * * *
You feel better. Grinder closely misses you.
You slash Grinder!
Grinder is heavily wounded.
Grinder closely misses you.
You hit Grinder but do no damage. Your headbutt misses Grinder.
Grinder is heavily wounded.
Grinder closely misses you.
You closely miss Grinder.
Grinder is heavily wounded.
Grinder gestures at you. Pain shoots through your body!
* * * LOW HITPOINT WARNING * * *
You feel better. Grinder barely misses you.
You barely miss Grinder. You headbutt Grinder!
Grinder is severely wounded.
Grinder hits you.
* * * LOW HITPOINT WARNING * * *
You writhe in agony.
* * * LOW HITPOINT WARNING * * *
You completely miss Grinder. You punch Grinder, but do no damage.
Grinder is severely wounded.
Grinder hits you.
You die...

~.##.#...#.####
#.###..###+## ♣
#.#...#.# #............
#.#...#.# #.....####.##
#...#.#
####.########.##
#...#.#
#...<...#.......
.(.(..#
#.##.##.#.##....
....(.#
#.##.##.#.##..##
#.....##.##...........#
#....5@.....##.#.##....
#.....##.......#.##....
......#
####.####.....## #...)#
#.# ####.... .#.#. #
##### .. . . . ..


You could see Grinder.

Vanquished Creatures
  An orc wizard (D:3)
  3 adders
  A worm (D:2)
  2 dart slugs
  3 orcs (D:3)
  A bat (D:1)
  An endoplasm (D:2)
  3 giant cockroaches
  5 goblins
  5 hobgoblins
  A kobold (D:2)
  A quokka (D:1)
  4 ball pythons
  3 frilled lizards (D:2)
  3 rats
37 creatures vanquished.

Vanquished Creatures (others)
  A plant (D:3)
1 creature vanquished.

Grand Total: 38 creatures vanquished

Notes
Turn   | Place    | Note
-------+----------+-------------------------------------------
     0 | D:1      | cowcol the Minotaur Monk began the quest for the Orb.
     0 | D:1      | Reached XP level 1. HP: 19/19 MP: 0/0
   667 | D:1      | Reached XP level 2. HP: 21/27 MP: 1/1
   845 | D:1      | Found a faded altar of an unknown god.
   932 | D:2      | Reached skill level 1 in Short Blades
  1088 | D:2      | Reached XP level 3. HP: 32/33 MP: 2/2
  1320 | D:2      | Reached skill level 1 in Long Blades
  1832 | D:3      | Reached skill level 1 in Armour
  1856 | D:3      | Reached XP level 4. HP: 30/40 MP: 3/3
  2140 | D:3      | Noticed Grinder
  2156 | D:3      | Slain by Grinder

Illustrated notes

Levels and vault maps discovered:
D:1:      psy_arrival_terrarium, layout_basic,
          shapermc_ecumenical_altar_mp_vishouse, minmay_cupped
D:2:      layout_rooms, serial_rivers, chequers_serial_rivers_micro_a,
          chequers_serial_rivers_room_b, chequers_serial_rivers_room_b,
          chequers_serial_rivers_small_3, chequers_serial_rivers_marsh,
          chequers_serial_rivers_micro_d, serial_park_tiny_pond
D:3:      layout_loops_cross, serial_bayou_lagoon_a, hangedman_glass_garden,
          uniq_sigmund, uniq_grinder

Skill      XL: |  1  2  3 |
---------------+----------+-----
Short Blades   | 1 |  1.2
Axes           | 4 |  4.4
Fighting       | 4 |  4.1
Long Blades    | 1 |  1.5
Armour         | 1 |  1.4
Dodging        | |  3.7
Stealth        | |  1.9

Action                   |  1- 3 |  4- 6 || total
-------------------------+-------+-------++-------
Melee: Hand axe          |    90 |    17 ||   107
       Headbutt          |    15 |     3 ||    18
       Punch             |       |     1 ||     1
Throw: Dart              |       |     4 ||     4
  Use: Scroll            |     9 |       ||     9
       Potion            |     2 |     2 ||     4
Armor: Ring mail         |     2 |       ||     2
       Scale mail        |    32 |     4 ||    36
Dodge: Dodged            |    32 |     6 ||    38
